 Dungeon Crawl Stone Soup version 0.29-a0-321-gf1c400731a (webtiles) character file.

Game seed: 6969271943875847537

17826 experimilk the Cleaver (level 12, -2/151 HPs)
             Began as a Palentonga Berserker on Apr 3, 2022.
             Was a Priest of Trog.
             Slain by a large abomination (26 damage)
             ... led by an Executioner
             ... on level 2 of the Abyss.
             The game lasted 00:47:59 (12252 turns).

experimilk the Cleaver (Palentonga Berserker)      Turns: 12252, Time: 00:48:00

Health: -2/151     AC: 35    Str: 26    XL:     12   Next: 22%
Magic:  12/12      EV:  3    Int:  7    God:    Trog [***...]
Gold:   895        SH:  0    Dex: 10    Spells: 11/11 levels left

rFire   . . .      SeeInvis +   D - +1 battleaxe (vorpal)
rCold   + . .      Faith    .   (shield currently unavailable)
rNeg    . . .      Spirit   .   U - +2 plate armour {rC+}
rPois   .          Reflect  .   G - +0 helmet
rElec   .          Harm     .   (no cloak)
rCorr   .          Rampage  .   t - +2 pair of gloves
Will    +++..                   X - +2 barding
Stlth   ..........              g - amulet of regeneration
HPRegen 2.15/turn               l - +4 ring of protection
MPRegen 0.13/turn               c - ring of willpower

@: berserking (expiring), strong-willed, regenerating, curled up, unable to
read, very quick
A: large, rugged brown scales 3, see invisible, deformed body, roll 1, armoured
tail, reflexive curl, inability to read while threatened
a: Rolling Charge, Renounce Religion, Berserk, Trog's Hand


You were on level 2 of the Abyss.
You worshipped Trog.
Trog was most pleased with you.
You visited 1 branch of the dungeon, and saw 11 of its levels.
You visited the Abyss 1 time.
You also visited: Ossuary and Gauntlet.

You collected 895 gold pieces.

Inventory:

Hand Weapons
 r - a +5 hand axe of freezing
 D - a +1 vorpal battleaxe (weapon)
 J - a +0 war axe
Missiles
 k - 2 datura-tipped darts
 o - 2 boomerangs (quivered)
 y - 22 poisoned darts
Armour
 b - a +1 ring mail of fire resistance
 p - +1 fire dragon scales
 t - a +2 pair of gloves (worn)
 G - a +0 helmet (worn)
 U - a +2 plate armour of cold resistance (worn)
 X - a +2 barding (worn)
Jewellery
 c - a ring of willpower (right hand)
 g - an amulet of regeneration (around neck)
 l - a +4 ring of protection (left hand)
 m - an amulet of the acrobat
 B - an amulet of reflection
 Y - a ring of protection from cold
 Z - a ring of positive energy
Wands
 a - a wand of mindburst (9)
 L - a wand of flame (23)
 M - a wand of charming (5)
Scrolls
 d - a scroll of magic mapping
 q - 2 scrolls of fear
 s - a scroll of vulnerability
 u - 3 scrolls of immolation
 w - 2 scrolls of teleportation
 x - a scroll of summoning
 E - 4 scrolls of blinking
 H - a scroll of silence
 K - a scroll of holy word
 P - a scroll of acquirement {unknown}
 Q - a scroll of fog
Potions
 e - 4 potions of mutation
 f - 6 potions of curing
 h - 4 potions of attraction
 i - 4 potions of heal wounds
 j - 4 potions of haste
 n - a potion of flight {unknown}
 v - 4 potions of might
 z - 5 potions of invisibility
 A - a potion of ambrosia
 N - a potion of resistance
 R - a potion of cancellation
 S - a potion of berserk rage
Miscellaneous
 C - a phantom mirror
 T - a lightning rod (4/4)
 V - a condenser vane


   Skills:
 + Level 9.2 Fighting
 * Level 12.3 Axes
 * Level 9.3 Throwing
 + Level 6.2 Armour
 - Level 1.5 Dodging


You had 11 spell levels left.
You didn't know any spells.
Your spell library was empty.

Dungeon Overview and Level Annotations

Branches:
Dungeon (11/15)            Temple (0/1) D:7            Lair (0/6) D:11
Ossuary (visited)         Gauntlet (visited)
    Orc: D:9-12

Altars:
Ashenzari
Fedhas
Hepliaklqana
Kikubaaqudgha
Makhleb
Nemelex Xobeh
Trog
Vehumet
Wu Jian
Xom
Zin

Annotations:
D:3 1 runed translucent door, Crazy Yiuf
D:5 3 runed translucent doors, spaghetti's ghost, weakling DgDe
D:11 1 runed translucent door, Sonja


Innate Abilities, Weirdness & Mutations

You are completely covered in rugged brown scales. (AC +3, +7% HP)
You have supernaturally acute eyesight. (SInv)
Armour fits poorly on your strangely shaped body.
You can roll at nearby foes to attack.
You have a long armoured tail.
You curl defensively after being hit. (AC +7*)
You sometimes lose the ability to read scrolls when taking damage.


Message History

You slash the Executioner!
Your tail-slap misses the Executioner.
The Executioner is lightly wounded.
The Executioner hits you but does no damage. x9
You miss the Executioner.
The Executioner is lightly wounded.
The Executioner hits you.
The Executioner hits you but does no damage. x4
The Executioner hits you.
A hell hog comes into view.
The hell hog squeals angrily.
You slice the Executioner!!
The Executioner is severely wounded.
You hear an angry squeal.
The Executioner hits you!
The Executioner hits you but does no damage. x5
You barely miss the Executioner. You tail-slap the Executioner.
The Executioner is severely wounded.
The Executioner hits you!
* * * LOW HITPOINT WARNING * * *
The Executioner hits you but does no damage. x2
The Executioner hits you!
* * * LOW HITPOINT WARNING * * *
The Executioner hits you but does no damage. x2
You slice the Executioner!!
The Executioner is almost dead.
The Executioner hits you but does no damage. x6
You miss the Executioner. You tail-slap the Executioner.
You kill the Executioner!
That felt strangely unrewarding.
A hell hog comes into view.
The hell hog squeals angrily.
You hit the large abomination.
The large abomination is lightly damaged.
The large abomination hits you!
* * * LOW HITPOINT WARNING * * *
You barely miss the large abomination.
You tail-slap the large abomination, but do no damage.
The large abomination is lightly damaged.
The large abomination hits you!!
You die...

# ###. ...#
#.# # .....
#... ..#.. #
#.## .#h.#
.......# .#
###.##..#.#
##
##....#ยง##
# #.##X#...#
#..@###.#...
#..#..#. ##.
#..#.
....#.# . ##
## ...## #
.##.. # #.
... # #.. #.


You could see a hell hog and a large abomination.

Vanquished Creatures
  An Executioner (Abyss:2)
  A minotaur (Gauntlet)
  A green death (Gauntlet)
  A catoblepas (D:9)
  A centaur warrior (D:9)
  3 two-headed ogres (D:10)
  A death scarab (Gauntlet)
  2 thrashing horrors (Abyss:2)
  A shining eye (Gauntlet)
  2 ugly things (D:9)
  A manticore (D:8)
  A cyclops (D:11)
  3 kobold demonologists (D:10)
  A troll (D:9)
  Grinder (D:3)
  4 slime creatures (D:9)
  Prince Ribbit (D:5)
  6 yaks
  A wyvern (D:9)
  A golden eye (Gauntlet)
  4 vampire mosquitoes (D:10)
  A spectral cane toad (Gauntlet)
  Duvessa (D:6)
  A water moccasin (D:6)
  3 orc warriors
  3 sky beasts
  A black bear (D:3)
  2 hornet zombies (Ossuary)
  2 ice beasts
  4 ogres
  A phantom (D:5)
  2 centaurs
  5 kobold brigands
  5 scorpions
  2 gnoll sergeants
  3 bullfrogs
  2 water moccasin zombies (Ossuary)
  3 wights (D:4)
  Dowan (D:6)
  4 killer bees (D:8)
  8 howler monkeys
  6 bullfrog zombies (Ossuary)
  7 centaur zombies (Ossuary)
  2 jellies
  7 orc priests
  2 hounds
  Terence (D:3)
  3 iguanas (D:5)
  4 orc wizards
  A small abomination (Abyss:2)
  3 killer bee zombies (Ossuary)
  19 mummies (Ossuary)
  2 howler monkey zombies (Ossuary)
  11 gnolls
  9 adders
  2 shadow imps
  4 white imps
  2 ufetubi
  3 worms
  A dart slug (D:2)
  20 orcs
  3 bats (D:3)
  5 endoplasms
  4 giant cockroaches
  7 goblins
  9 hobgoblins
  2 jackals (D:5)
  9 quokkas
  2 ball pythons
  2 frilled lizards
  27 kobolds
  11 rats
  A lurking horror (Abyss:2)
283 creatures vanquished.

Vanquished Creatures (collateral kills)
  2 deep elf pyromancers (D:9)
  A kobold demonologist (D:10)
  A slime creature (D:9)
  A wraith (D:10)
  3 yaks (D:10)
  A gnoll sergeant (D:10)
  4 gnolls (D:10)
  2 orcs (D:10)
  A kobold (D:10)
16 creatures vanquished.

Vanquished Creatures (others)
  5 demonic plants (Gauntlet)
  2 starspawn tentacles (Abyss:2)
  2 withered plants (Gauntlet)
9 creatures vanquished.

Grand Total: 308 creatures vanquished

Notes
Turn   | Place    | Note
-------+----------+-------------------------------------------
     0 | D:1      | experimilk the Palentonga Berserker began the quest for the
                  | Orb.
     0 | D:1      | Reached XP level 1. HP: 19/19 MP: 1/1
   251 | D:1      | Reached XP level 2. HP: 25/25 MP: 2/2
   314 | D:1      | Found a faded altar of an unknown god.
  1044 | D:2      | Reached skill level 4 in Axes
  1051 | D:2      | Reached ** piety under Trog
  1267 | D:2      | Reached XP level 3. HP: 31/31 MP: 3/3
  2185 | D:3      | Reached XP level 4. HP: 32/37 MP: 4/4
  2211 | D:3      | Noticed a black bear
  2219 | D:3      | Killed a black bear
  2220 | D:3      | Reached skill level 5 in Axes
  2220 | D:3      | Reached skill level 1 in Throwing
  2220 | D:3      | Reached XP level 5. HP: 43/43 MP: 5/5
  2294 | D:3      | Noticed Terence
  2302 | D:3      | Killed Terence
  2472 | D:3      | Found a runed translucent door.
  2473 | D:3      | Noticed Crazy Yiuf
  2559 | D:3      | Noticed Grinder
  2584 | D:3      | HP: 2/43 [Grinder (6)]
  2591 | D:3      | Paralysed by Grinder for 2 turns
  2595 | D:3      | Paralysed by Grinder for 6 turns
  2605 | D:3      | Paralysed by Grinder for 5 turns
  2612 | D:3      | Killed Grinder
  2613 | D:3      | Reached skill level 6 in Axes
  2613 | D:3      | Reached XP level 6. HP: 33/50 MP: 6/6
  3208 | D:4      | Found a sand-covered staircase.
  3216 | Ossuary  | Entered an ossuary
  3274 | Ossuary  | Gained mutation: You curl defensively after being hit. (AC
                  | +7*) [Palentonga growth]
  3274 | Ossuary  | Reached XP level 7. HP: 54/55 MP: 7/7
  3431 | Ossuary  | Reached skill level 7 in Axes
  3472 | Ossuary  | Reached XP level 8. HP: 57/64 MP: 8/8
  3602 | Ossuary  | Reached *** piety under Trog
  3902 | D:4      | Reached skill level 8 in Axes
  3907 | D:4      | Reached skill level 5 in Throwing
  4084 | D:4      | Found an ancient bone altar of Kikubaaqudgha.
  4504 | D:4      | Noticed a moth of wrath
  4507 | D:4      | Found a bloodstained altar of Trog.
  4709 | D:5      | Entered Level 5 of the Dungeon
  4921 | D:5      | Found a runed translucent gate.
  4922 | D:5      | Found a runed translucent gate.
  4922 | D:5      | Noticed spaghetti's ghost (weakling DgDe)
  4923 | D:5      | Found a runed translucent gate.
  5066 | D:5      | Reached XP level 9. HP: 71/71 MP: 9/9
  5078 | D:5      | Reached skill level 5 in Fighting
  5525 | D:5      | Reached **** piety under Trog
  5633 | D:5      | Noticed Prince Ribbit
  5644 | D:5      | Killed Prince Ribbit
  5645 | D:5      | Reached skill level 9 in Axes
  6768 | D:6      | Reached XP level 10. HP: 82/82 MP: 10/10
  6871 | D:6      | Noticed Dowan
  6873 | D:6      | Noticed Duvessa
  6876 | D:6      | Killed Duvessa
  6889 | D:6      | Killed Dowan
  7160 | D:7      | Found a staircase to the Ecumenical Temple.
  7662 | D:7      | Reached skill level 10 in Axes
  8180 | D:8      | Noticed a manticore
  8187 | D:8      | Killed a manticore
  8556 | D:8      | Found a sparkling altar of Nemelex Xobeh.
  8556 | D:8      | Found a shimmering altar of Xom.
  8557 | D:8      | Found a blossoming altar of Fedhas.
  9386 | D:8      | Found a radiant altar of Vehumet.
  9388 | D:8      | Found a glowing silver altar of Zin.
  9388 | D:8      | Found a burning altar of Makhleb.
  9388 | D:8      | Found a hazy altar of Hepliaklqana.
  9399 | D:8      | Found a broken altar of Ashenzari.
  9399 | D:8      | Found an ornate altar of the Wu Jian Council.
 10024 | D:9      | Noticed a deep elf pyromancer
 10025 | D:9      | Noticed a deep elf pyromancer
 10032 | D:9      | Killed a deep elf pyromancer
 10033 | D:9      | Killed a deep elf pyromancer
 10034 | D:9      | Reached XP level 11. HP: 77/89 MP: 11/11
 10035 | D:9      | Reached skill level 11 in Axes
 10056 | D:9      | Noticed a centaur warrior
 10064 | D:9      | Killed a centaur warrior
 10159 | D:9      | Reached skill level 5 in Armour
 10283 | D:9      | Noticed a catoblepas
 10286 | D:9      | Noticed a cyan ugly thing
 10289 | D:9      | Noticed a brown ugly thing
 10293 | D:9      | Killed a catoblepas
 10295 | D:9      | Killed a cyan ugly thing
 10307 | D:9      | Killed a brown ugly thing
 10321 | D:9      | Noticed a tengu warrior
 10558 | D:10     | Entered Level 10 of the Dungeon
 10558 | D:10     | Noticed a two-headed ogre
 10567 | D:10     | Killed a two-headed ogre
 10733 | D:10     | Noticed a two-headed ogre
 10736 | D:10     | Killed a two-headed ogre
 10740 | D:10     | Noticed a two-headed ogre
 10745 | D:10     | Killed a two-headed ogre
 10746 | D:10     | Reached skill level 12 in Axes
 11315 | D:11     | Found a runed translucent door.
 11370 | D:11     | Found a gate leading to a gauntlet.
 11380 | Gauntlet | Entered a Gauntlet
 11380 | Gauntlet | Found a transporter.
 11380 | Gauntlet | Found a transporter.
 11387 | Gauntlet | Found a transporter.
 11401 | Gauntlet | Found a transporter.
 11416 | Gauntlet | Found a transporter.
 11429 | Gauntlet | Found a transporter.
 11447 | Gauntlet | Found a transporter.
 11520 | Gauntlet | Found a transporter.
 11520 | Gauntlet | Found a transporter.
 11527 | Gauntlet | Noticed a large abomination
 11533 | Gauntlet | Found a transporter.
 11534 | Gauntlet | Noticed a death scarab
 11546 | Gauntlet | Found a transporter.
 11546 | Gauntlet | Found a transporter.
 11552 | Gauntlet | Found a large runed translucent door.
 11553 | Gauntlet | Found a large runed translucent door.
 11554 | Gauntlet | Found a large runed translucent door.
 11554 | Gauntlet | Found a large runed translucent door.
 11555 | Gauntlet | Found a runed translucent gate.
 11555 | Gauntlet | Found a large runed translucent door.
 11555 | Gauntlet | Found a large runed translucent door.
 11555 | Gauntlet | Found a runed translucent door.
 11556 | Gauntlet | Found a transporter.
 11556 | Gauntlet | Found a runed translucent gate.
 11556 | Gauntlet | Found a large runed translucent door.
 11556 | Gauntlet | Noticed a green death
 11557 | Gauntlet | Found a runed translucent gate.
 11557 | Gauntlet | Found a runed translucent door.
 11557 | Gauntlet | Found a large runed translucent door.
 11559 | Gauntlet | Found a transporter.
 11574 | Gauntlet | Found a large runed translucent door.
 11574 | Gauntlet | Found a large runed translucent door.
 11575 | Gauntlet | Found a large runed translucent door.
 11576 | Gauntlet | Found a large runed translucent door.
 11586 | Gauntlet | Found a large runed translucent door.
 11586 | Gauntlet | Found a large runed translucent door.
 11587 | Gauntlet | Found a large runed translucent door.
 11647 | Gauntlet | Found a transporter.
 11665 | Gauntlet | Found a transporter.
 11672 | Gauntlet | Noticed a shining eye
 11679 | Gauntlet | Found a large runed translucent door.
 11773 | Gauntlet | Killed a death scarab
 11774 | Gauntlet | Reached XP level 12. HP: 48/101 MP: 12/12
 11864 | Gauntlet | Gained mutation: You sometimes lose the ability to read
                  | scrolls when taking damage. [a shining eye]
 11929 | Gauntlet | Killed a green death
 12017 | Gauntlet | Noticed a minotaur
 12032 | Gauntlet | Killed a minotaur
 12101 | D:11     | Noticed Sonja
 12106 | D:11     | Cast into level 2 of the Abyss (Sonja)
 12219 | Abyss:2  | Noticed a tentacled starspawn
 12236 | Abyss:2  | Noticed an Executioner
 12247 | Abyss:2  | Noticed a hell hog
 12250 | Abyss:2  | Killed an Executioner
 12250 | Abyss:2  | Noticed a hell hog
 12252 | Abyss:2  | Slain by a large abomination

Illustrated notes

Levels and vault maps discovered:
D:1:      dpeg_arrival_snail, layout_rooms, chequers_ecumenical_altar_island
D:2:      layout_loops_cross, serial_co_window_serial, co_window_paths_b,
          co_window_paths_b, co_window_paths_a, co_window_corner_a,
          co_window_paths_a, co_window_corner_b, co_window_broadway_b,
          co_window_broadway_c, co_window_broadway_b, co_window_cross_2,
          co_window_paths_c, co_window_4corner_b, glass_columns_a,
          glass_columns_c
D:3:      layout_loops_cross, minivault_25, chequers_serial_rivers_small_a,
          minmay_bisected, uniq_grinder, uniq_crazy_yiuf_cottage, uniq_terence
D:4:      layout_basic, mainiacjoe_overflow_six_doors_small, tgw_trog,
          lightli_ossuary_entry_decrepit_ruins
D:5:      kennysheep_spiral_hall, layout_basic, ebering_ghost_rock_garden,
          minmay_misc_feat_alley, minmay_bent, uniq_prince_ribbit1
D:6:      layout_basic, kennysheep_generic_room_7, uniq_duvessa
D:7:      layout_loops_corners, temple_pool_b
D:8:      layout_loops_corners, minmay_overflow_temple_hex,
          chequers_temple_overflow_statue_of_worship
D:9:      minmay_the_grid_triangle_9x9_rhombus_thin
          [minmay_the_grid_triangle_9x9_corruption,
          minmay_the_grid_triangle_9x9_prize_insulated,
          minmay_the_grid_triangle_9x9_checkered,
          minmay_the_grid_triangle_9x9_empty], layout_stronghold
D:10:     layout_basic
D:11:     layout_roguey, dpeg_oklobed_lair, gauntlet_entry_generic,
          ebering_ghost_xom, kb_lookout_dungeons_type, uniq_sonja
Abyss:2:  base:
D:7

Skill      XL: |  1  2  3  4  5  6  7  8  9 10 11 |
---------------+----------------------------------+-----
Axes           | 4 5 6 7 8 9 10 12 | 12.3
Throwing       | 1 3 4 5 6 7 9 |  9.3
Armour         | 2 3 4 6 |  6.2
Fighting       | 4 6 7 9 |  9.2
Dodging        | |  1.5

Action                   |  1- 3 |  4- 6 |  7- 9 | 10-12 || total
-------------------------+-------+-------+-------+-------++-------
Melee: Hand axe          |   109 |    86 |   436 |   268 ||   899
       Tailslap          |     7 |    11 |    75 |    47 ||   140
       Punch             |     1 |     2 |     6 |     1 ||    10
       Battleaxe         |       |       |       |    55 ||    55
Throw: Dart              |       |       |    20 |    13 ||    33
       Boomerang         |       |       |    22 |    44 ||    66
       Throwing net      |       |       |       |     1 ||     1
Invok: Berserk           |       |     3 |     3 |     9 ||    15
       Trog's Hand       |       |     1 |     3 |    11 ||    15
       Brothers in Arms  |       |       |       |     2 ||     2
 Abil: Rolling Charge    |     1 |       |    53 |    59 ||   113
  Use: Scroll            |     2 |     2 |    16 |    12 ||    32
       Potion            |       |     2 |       |     1 ||     3
 Stab: Sleeping          |       |       |     1 |       ||     1
Armor: Animal skin       |    36 |    45 |   160 |       ||   241
       Skin              |       |    17 |       |       ||    17
       Scale mail        |       |       |    19 |       ||    19
       Chain mail        |       |       |    18 |       ||    18
       Plate armour      |       |       |    40 |   255 ||   295
Dodge: Dodged            |    60 |    51 |   165 |    71 ||   347

Table legend: (Time is in decaauts)
 A = Elapsed time spent in this place.
 B = Non-inter-level travel time spent in this place.
 C = Inter-level travel time spent in this place.
 D = Time resting spent in this place.
 E = Time spent auto-exploring this place.
 F = Levels seen in this place.
 G = Mean time per level.
                   A        B        C        D        E       F      G
               +--------+--------+--------+--------+--------+-----+--------+
         Total |  12329 |  11730 |    599 |   2094 |   5388 |  14 |  880.6 |
       Dungeon |  10889 |  10290 |    599 |   1777 |   5376 |  11 |  989.9 |
         Abyss |    143 |    143 |      0 |     66 |      0 |   1 |  143.0 |
       Ossuary |    547 |    547 |      0 |     65 |     11 |   1 |  547.0 |
      Gauntlet |    748 |    748 |      0 |    185 |      0 |   1 |  748.0 |
               +--------+--------+--------+--------+--------+-----+--------+

Top non-repeatable levels by time:
     D:8: 1457 daAuts
     D:3: 1375 daAuts
     D:5: 1294 daAuts
     D:9: 1101 daAuts
     D:4: 1033 daAuts
     D:7: 999 daAuts
     D:2: 983 daAuts
     D:1: 920 daAuts
     D:6: 868 daAuts
    D:10: 754 daAuts
Gauntlet: 748 daAuts
 Ossuary: 547 daAuts
 Abyss:2: 143 daAuts
    D:11: 101 daAuts
